SL
ATHLETIC CLUB KC @ FT. WORTH CATTLEMEN
09/23/2032
 
TOP OF THE 1ST
Athletic Club KC batting - Pitching for Ft. Worth Cattlemen : RHP Dave Seals
Pitching: RHP Dave Seals
Batting: LHB Pablo Hernández 0-0: Bunt for hit - play at first, batter OUT! 3-4
Batting: RHB Jesús Vargas 0-0: Ball
1-0: Foul Ball, location: 2F
1-1: Ball
2-1: Ball
3-1: Base on Balls
Batting: SHB Pedro Vázquez 0-0: Called Strike
Jesús Vargas steals 2nd base
0-1: Fly out, F6 (Line Drive, 6)
Batting: LHB Tsai Ng 0-0: Swinging Strike
0-1: Ball
1-1: Ground out 6-3 (Groundball, 6)
Top of the 1st over - 0 runs, 0 hits, 0 errors, 1 left on base; Athletic Club KC 0 - Ft. Worth 0
BOTTOM OF THE 1ST
Ft. Worth Cattlemen batting - Pitching for Athletic Club KC : RHP Wayne Slade
Pitching: RHP Wayne Slade
Batting: LHB Nobuo Yamashita 0-0: Ball
1-0: Ball
2-0: DOUBLE (Line Drive, 9LS)
Batting: RHB Bart Lewis 0-0: Ball
Nobuo Yamashita steals 3rd base
1-0: Foul Ball, location: 2F
1-1: Swinging Strike
1-2: Strikes out swinging
Batting: RHB Gilberto Juárez 0-0: Foul Ball, location: 2F
0-1: Swinging Strike
0-2: Ball
1-2: Foul Ball, location: 2F
1-2: Ball
2-2: Foul Ball, location: 2F
2-2: Fly out, F6 (Line Drive, 6)
Batting: LHB Rick Mayfield 0-0: Ball
1-0: Called Strike
1-1: Ball
2-1: Foul Ball, location: 2F
2-2: Ball
3-2: Base on Balls
Batting: RHB Jesús Martínez 0-0: Called Strike
0-1: Ball
1-1: Ball
Rick Mayfield is caught stealing 2nd base
Bottom of the 1st over - 0 runs, 1 hit, 0 errors, 1 left on base; Athletic Club KC 0 - Ft. Worth 0
TOP OF THE 2ND
Athletic Club KC batting - Pitching for Ft. Worth Cattlemen : RHP Dave Seals
Batting: LHB Jesús Reyes 0-0: Ball
1-0: Ground out U3 (Groundball, 3)
Batting: RHB Andrés Medina 0-0: Called Strike
0-1: Ball
1-1: Swinging Strike
1-2: Ball
2-2: Ball
3-2: Base on Balls
Batting: LHB Matt Herman 0-0: Called Strike
0-1: Ground out 5-3 (Groundball, 56S)
Andrés Medina to second
Batting: LHB Wu-shun Chu 0-0: Called Strike
0-1: Ground out U3 (Groundball, 34)
Top of the 2nd over - 0 runs, 0 hits, 0 errors, 1 left on base; Athletic Club KC 0 - Ft. Worth 0
BOTTOM OF THE 2ND
Ft. Worth Cattlemen batting - Pitching for Athletic Club KC : RHP Wayne Slade
Batting: RHB Jesús Martínez 0-0: Foul Ball, location: 2F
0-1: Called Strike
0-2: Ball
1-2: Hit by Pitch
Batting: LHB Chris Etheridge 0-0: Called Strike
0-1: Ball
1-1: Ball
2-1: Swinging Strike
2-2: Foul Ball, location: 2F
2-2: Strikes out swinging
Batting: RHB Vincent Vega 0-0: Ball
1-0: Foul Ball, location: 2F
1-1: Ball
2-1: DOUBLE (Flyball, 89D)
Jesús Martínez to third
Batting: RHB Rich Flannery 0-0: Foul Ball, location: 2F
0-1: Ball
1-1: Swinging Strike
1-2: Strikes out looking
Batting: SHB Roberto Mosca 0-0: Called Strike
0-1: Ball
1-1: Ground out 1-3 (Groundball, 13)
Bottom of the 2nd over - 0 runs, 1 hit, 0 errors, 2 left on base; Athletic Club KC 0 - Ft. Worth 0
TOP OF THE 3RD
Athletic Club KC batting - Pitching for Ft. Worth Cattlemen : RHP Dave Seals
Batting: RHB Khal Drogo 0-0: Ball
1-0: Called Strike
1-1: SINGLE (Groundball, 6D)
Batting: LHB Pablo Hernández 0-0: Called Strike
0-1: Ball
1-1: Ball
2-1: Foul Ball, location: 2F
2-2: DOUBLE (Line Drive, 5D)
Khal Drogo to third
Runner from 3rd tries for Home, SAFE, no throw
Batting: RHB Jesús Vargas 0-0: Ball
1-0: SINGLE (Groundball, 6MD)
Pablo Hernández to third
Runner from 3rd tries for Home, SAFE, no throw
Batting: SHB Pedro Vázquez 0-0: Foul Ball, location: 2F
0-1: Fly out, F7 (Flyball, 7)
Batting: LHB Tsai Ng 0-0: SINGLE (Groundball, 6D)
Jesús Vargas to second
Runner from 2nd tries for 3rd, SAFE, no throw
Batting: LHB Jesús Reyes 0-0: Ball
Wild Pitch!
Jesús Vargas scores
Tsai Ng to second
1-0: Called Strike
1-1: Foul Ball, location: 2F
1-2: Ball
2-2: Foul Ball, location: 2F
2-2: Hit by Pitch
Batting: RHB Andrés Medina 0-0: Called Strike
0-1: SINGLE (Groundball, 6MS) (infield hit)
Tsai Ng to third
Jesús Reyes to second
Batting: LHB Matt Herman 0-0: Called Strike
0-1: Ball
1-1: Ball
2-1: Foul Ball, location: 2F
2-2: Ball
3-2: Base on Balls
Tsai Ng scores
Jesús Reyes to third
Andrés Medina to second
Batting: LHB Wu-shun Chu 0-0: Ball
1-0: Foul Ball, location: 2F
1-1: Ball
Wild Pitch!
Jesús Reyes scores
Andrés Medina to third
Matt Herman to second
2-1: Called Strike
2-2: Ball
3-2: Base on Balls
Batting: RHB Khal Drogo 0-0: Foul Ball, location: 2F
0-1: Foul Ball, location: 2F
0-2: Foul Ball, location: 2F
0-2: Foul Ball, location: 2F
0-2: Foul Ball, location: 2F
0-2: Grounds into double play, 6-4-3 (Groundball, 6)
Top of the 3rd over - 5 runs, 5 hits, 0 errors, 2 left on base; Athletic Club KC 5 - Ft. Worth 0
BOTTOM OF THE 3RD
Ft. Worth Cattlemen batting - Pitching for Athletic Club KC : RHP Wayne Slade
Batting: LHB Nobuo Yamashita 0-0: Ball
1-0: Ball
2-0: Swinging Strike
2-1: Called Strike
2-2: Ball
3-2: Foul Ball, location: 2F
3-2: Strikes out swinging
Batting: RHB Bart Lewis 0-0: Ball
1-0: Foul Ball, location: 2F
1-1: Ball
2-1: Called Strike
2-2: Ball
3-2: SINGLE (Groundball, 6MD)
Batting: RHB Gilberto Juárez 0-0: Foul Ball, location: 2F
0-1: Ball
1-1: Fly out, F7 (Line Drive, 7)
Batting: LHB Rick Mayfield 0-0: Called Strike
0-1: Ball
1-1: Ball
2-1: Fly out, F4 (Line Drive, 4)
Bottom of the 3rd over - 0 runs, 1 hit, 0 errors, 1 left on base; Athletic Club KC 5 - Ft. Worth 0
TOP OF THE 4TH
Athletic Club KC batting - Pitching for Ft. Worth Cattlemen : RHP Dave Seals
Batting: LHB Pablo Hernández 0-0: Foul Ball, location: 2F
0-1: Ball
1-1: Ball
2-1: Ball
3-1: Foul Ball, location: 2F
3-2: Fly out, F9 (Flyball, 9LS)
Batting: RHB Jesús Vargas 0-0: Swinging Strike
0-1: Called Strike
0-2: Foul Ball, location: 2F
0-2: Strikes out looking
Batting: SHB Pedro Vázquez 0-0: Foul Ball, location: 2F
0-1: Fly out, F4 (Flyball, 4MD)
Top of the 4th over - 0 runs, 0 hits, 0 errors, 0 left on base; Athletic Club KC 5 - Ft. Worth 0
BOTTOM OF THE 4TH
Ft. Worth Cattlemen batting - Pitching for Athletic Club KC : RHP Wayne Slade
Batting: RHB Jesús Martínez 0-0: Ball
1-0: Called Strike
1-1: Foul Ball, location: 2F
1-2: Strikes out swinging
Batting: LHB Chris Etheridge 0-0: Ball
1-0: Called Strike
1-1: Ground out U3 (Groundball, 34)
Batting: RHB Vincent Vega 0-0: Called Strike
0-1: Ground out 6-3 (Groundball, 6)
Bottom of the 4th over - 0 runs, 0 hits, 0 errors, 0 left on base; Athletic Club KC 5 - Ft. Worth 0
TOP OF THE 5TH
Athletic Club KC batting - Pitching for Ft. Worth Cattlemen : RHP Dave Seals
Batting: LHB Tsai Ng 0-0: Ground out 4-3 (Groundball, 4MS)
Batting: LHB Jesús Reyes 0-0: Ball
1-0: Called Strike
1-1: Foul Ball, location: 2F
1-2: Ball
2-2: Ball
3-2: Base on Balls
Batting: RHB Andrés Medina 0-0: Ball
1-0: Called Strike
1-1: Ball
2-1: Ball
3-1: Swinging Strike
3-2: Base on Balls
Jesús Reyes to second
Pitching: RHP Oliver Huerta
Batting: LHB Matt Herman 0-0: Ball
1-0: Foul Ball, location: 2F
1-1: Foul Ball, location: 2F
1-2: Fly out, F4 (Flyball, 4MD)
Batting: LHB Wu-shun Chu 0-0: Called Strike
0-1: Ground out U3 (Groundball, 3)
Top of the 5th over - 0 runs, 0 hits, 0 errors, 2 left on base; Athletic Club KC 5 - Ft. Worth 0
BOTTOM OF THE 5TH
Ft. Worth Cattlemen batting - Pitching for Athletic Club KC : RHP Wayne Slade
Batting: RHB Rich Flannery 0-0: Ball
1-0: Ground out 1-3 (Groundball, 13S)
Batting: SHB Roberto Mosca 0-0: Foul Ball, location: 2F
0-1: Swinging Strike
0-2: Ball
1-2: Foul Ball, location: 2F
1-2: SINGLE (Groundball, 34D)
Batting: LHB Nobuo Yamashita 0-0: Ball
1-0: Fielders Choice at 2nd, 3-6 (Groundball, 3)
Batting: RHB Bart Lewis 0-0: Ball
1-0: Ball
2-0: Foul Ball, location: 2F
2-1: Called Strike
2-2: Ball
Nobuo Yamashita steals 2nd base
3-2: SINGLE (Groundball, 34D)
Nobuo Yamashita to third
Nobuo Yamashita scores
Batting: RHB Gilberto Juárez 0-0: Called Strike
0-1: Fly out, F7 (Line Drive, 7)
Bottom of the 5th over - 1 run, 2 hits, 0 errors, 1 left on base; Athletic Club KC 5 - Ft. Worth 1
TOP OF THE 6TH
Athletic Club KC batting - Pitching for Ft. Worth Cattlemen : RHP Oliver Huerta
Batting: RHB Khal Drogo 0-0: Foul Ball, location: 2F
0-1: Swinging Strike
0-2: Foul Ball, location: 2F
0-2: Foul Ball, location: 2F
0-2: Fly out, F9 (Flyball, 89D)
Batting: LHB Pablo Hernández 0-0: Fly out, F7 (Line Drive, 7S)
Batting: RHB Jesús Vargas 0-0: Ball
1-0: Ball
2-0: Ball
3-0: Base on Balls
Batting: SHB Pedro Vázquez 0-0: Called Strike
0-1: Foul Ball, location: 2F
0-2: Foul Ball, location: 2F
0-2: Foul Ball, location: 2F
0-2: Foul Ball, location: 2F
0-2: SINGLE (Line Drive, 8RS)
Jesús Vargas to second
Batting: LHB Tsai Ng 0-0: Swinging Strike
0-1: Ball
1-1: Foul Ball, location: 2F
1-2: Strikes out looking
Top of the 6th over - 0 runs, 1 hit, 0 errors, 2 left on base; Athletic Club KC 5 - Ft. Worth 1
BOTTOM OF THE 6TH
Ft. Worth Cattlemen batting - Pitching for Athletic Club KC : RHP Wayne Slade
Batting: LHB Rick Mayfield 0-0: Foul Ball, location: 2F
0-1: Ball
1-1: Ball
2-1: Foul Ball, location: 2F
2-2: Ball
3-2: Fly out, F8 (Flyball, 8RD)
Batting: RHB Jesús Martínez 0-0: Ball
1-0: Called Strike
1-1: Ball
2-1: Fly out, F8 (Line Drive, 78M)
Batting: LHB Chris Etheridge 0-0: Ground out U3 (Groundball, 3)
Bottom of the 6th over - 0 runs, 0 hits, 0 errors, 0 left on base; Athletic Club KC 5 - Ft. Worth 1
TOP OF THE 7TH
Athletic Club KC batting - Pitching for Ft. Worth Cattlemen : RHP Oliver Huerta
Batting: LHB Jesús Reyes 0-0: Swinging Strike
0-1: Ball
1-1: Ball
2-1: SINGLE (Line Drive, 8RS)
Batting: RHB Andrés Medina 0-0: Swinging Strike
0-1: Foul Ball, location: 2F
0-2: Ball
1-2: Ball
2-2: Ball
3-2: Grounds into double play, 5-4-3 (Groundball, 56)
Batting: LHB Matt Herman 0-0: Ball
1-0: Called Strike
1-1: Foul Ball, location: 2F
1-2: Ground out 4-3 (Groundball, 4S)
Top of the 7th over - 0 runs, 1 hit, 0 errors, 0 left on base; Athletic Club KC 5 - Ft. Worth 1
BOTTOM OF THE 7TH
Ft. Worth Cattlemen batting - Pitching for Athletic Club KC : RHP Wayne Slade
Batting: RHB Vincent Vega 0-0: Called Strike
0-1: Swinging Strike
0-2: Ball
1-2: Ball
2-2: Foul Ball, location: 2F
2-2: Strikes out looking
Batting: RHB Rich Flannery 0-0: Called Strike
0-1: Ball
1-1: Called Strike
1-2: Foul Ball, location: 2F
1-2: Strikes out swinging
Batting: SHB Roberto Mosca 0-0: Ball
1-0: Ball
2-0: Ball
3-0: Foul Ball, location: 2F
3-1: Base on Balls
Pitching: RHP César Méndez
Batting: LHB Nobuo Yamashita 0-0: Ball
1-0: Foul Ball, location: 2F
1-1: Ball
2-1: Foul Ball, location: 2F
2-2: Foul Ball, location: 2F
2-2: Strikes out swinging
Bottom of the 7th over - 0 runs, 0 hits, 0 errors, 1 left on base; Athletic Club KC 5 - Ft. Worth 1
TOP OF THE 8TH
Athletic Club KC batting - Pitching for Ft. Worth Cattlemen : RHP Oliver Huerta
Batting: LHB Wu-shun Chu 0-0: Ball
1-0: Fly out, F4 (Popup, 34S)
Batting: RHB Khal Drogo 0-0: Ball
1-0: Called Strike
1-1: Ball
2-1: Ball
3-1: SINGLE (Groundball, 6) (infield hit)
Pitching: LHP Jason Horne
Batting: LHB Pablo Hernández 0-0: Ball
1-0: Fly out, F7 (Line Drive, 7)
Batting: RHB Jesús Vargas 0-0: Called Strike
Khal Drogo steals 2nd base
0-1: Ball
1-1: Ball
2-1: Ball
3-1: Base on Balls
Batting: SHB Pedro Vázquez 0-0: Ball
1-0: Fly out, F8 (Flyball, 8LM)
Top of the 8th over - 0 runs, 1 hit, 0 errors, 2 left on base; Athletic Club KC 5 - Ft. Worth 1
BOTTOM OF THE 8TH
Ft. Worth Cattlemen batting - Pitching for Athletic Club KC : RHP César Méndez
Batting: RHB Bart Lewis 0-0: Called Strike
0-1: Ball
1-1: Ball
2-1: Ball
3-1: Base on Balls
Batting: RHB Gilberto Juárez 0-0: Ball
1-0: Ball
2-0: Ball
3-0: Called Strike
3-1: Base on Balls
Bart Lewis to second
Batting: LHB Rick Mayfield 0-0: Ball
1-0: Fly out, F8 (Flyball, 78XD)
Runner from 2nd tags up, SAFE at 3rd, no throw
Batting: RHB Jesús Martínez 0-0: Called Strike
0-1: Ball
1-1: Reached via error on a dropped throw, E6
Bart Lewis scores
Gilberto Juárez to second
Batting: LHB Chris Etheridge 0-0: Ball
1-0: Foul Ball, location: 2F
1-1: Ball
2-1: SINGLE (Groundball, 34D)
Gilberto Juárez to third
Jesús Martínez to second
Runner from 3rd tries for Home, throw and OUT!
Jesús Martínez to third
Chris Etheridge to second
Batting: RHB Vincent Vega 0-0: Ball
1-0: Foul Ball, location: 2F
1-1: Ball
2-1: Ball
3-1: Base on Balls
Batting: RHB Rich Flannery 0-0: Called Strike
0-1: Called Strike
0-2: Ball
1-2: Ball
2-2: Strikes out looking
Bottom of the 8th over - 1 run, 1 hit, 1 error, 3 left on base; Athletic Club KC 5 - Ft. Worth 2
TOP OF THE 9TH
Athletic Club KC batting - Pitching for Ft. Worth Cattlemen : LHP Jason Horne
Pitching: RHP Nicholas Wells
Batting: LHB Tsai Ng 0-0: SINGLE (Groundball, 4MD)
Batting: LHB Jesús Reyes 0-0: Foul Ball, location: 2F
0-1: Ball
1-1: Ball
2-1: Foul Ball, location: 2F
2-2: Foul Ball, location: 2F
2-2: Foul Ball, location: 2F
2-2: Foul Ball, location: 2F
2-2: Ball
3-2: Grounds into double play, 4-6-3 (Groundball, 4)
Batting: RHB Andrés Medina 0-0: Swinging Strike
0-1: Ball
1-1: Foul Ball, location: 2F
1-2: Foul Ball, location: 2F
1-2: Ball
2-2: Foul Ball, location: 2F
2-2: Ground out 4-3 (Groundball, 4)
Top of the 9th over - 0 runs, 1 hit, 0 errors, 0 left on base; Athletic Club KC 5 - Ft. Worth 2
BOTTOM OF THE 9TH
Ft. Worth Cattlemen batting - Pitching for Athletic Club KC : RHP César Méndez
Batting: SHB Roberto Mosca 0-0: Ground out 4-3 (Groundball, 4)
Batting: LHB Nobuo Yamashita 0-0: Bunted foul
0-1: DOUBLE (Line Drive, 89D)
Batting: RHB Bart Lewis 0-0: Ball
1-0: Foul Ball, location: 2F
1-1: Fly out, F7 (Flyball, 7)
Pitching: RHP Hi-sang Pak
Batting: RHB Gilberto Juárez 0-0: Called Strike
0-1: Ball
1-1: Ball
2-1: Ball
3-1: Foul Ball, location: 2F
3-2: Ground out 4-3 (Groundball, 4S)
Bottom of the 9th over - 0 runs, 1 hit, 0 errors, 1 left on base; Athletic Club KC 5 - Ft. Worth 2
Wednesday, September 19th, 2018 - OOTP Baseball 18.8 Build 76